 Dungeon Crawl Stone Soup version 0.25-a0-424-g80bd347ae0 (webtiles) character file.

Game seed: 16704801046173865885, levelgen mode: deterministic

11013 kae the Martial Artist (level 11, -5/97 HPs)
             Began as a Pale Draconian Transmuter on Jan 23, 2020.
             Was a Believer of Uskayaw.
             Slain by a spiny frog (13 damage)
             ... on level 1 of the Lair of Beasts.
             The game lasted 00:20:20 (16791 turns).

kae the Martial Artist (Pale Draconian Transmuter) Turns: 16791, Time: 00:20:21

Health: -5/97      AC:  8    Str: 12    XL:     11   Next: 43%
Magic:  8/17       EV: 12    Int: 14    God:    Uskayaw [**....]
Gold:   597        SH:  0    Dex: 15    Spells: 3/18 levels left

rFire    . . .     SeeInvis .     - Unarmed
rCold    . . .     Gourm    +   (shield currently unavailable)
rNeg     . . .     Faith    .   (armour unavailable)
rPois    .         Spirit   .   (helmet restricted)
rElec    .         Reflect  .   g - +0 cloak
rCorr    .         Harm     .   (gloves currently unavailable)
MR       .....                  (no boots)
Stlth    +.........             o - amulet of the gourmand
HPRegen  0.26/turn              (no ring)
MPRegen  0.15/turn              (no ring)

@: lethally poisoned (-5 -> -14), blade hands (expiring), very slightly
contaminated, studying 2 skills
A: breathe steam, unfitting armour, cold-blooded, AC +7
a: Breathe Steam, End Transformation, Stomp, Line Pass, Renounce Religion


You were on level 1 of the Lair of Beasts.
You worshipped Uskayaw.
Uskayaw was noncommittal.
You were full.
You had blades for hands.
You visited 3 branches of the dungeon, and saw 13 of its levels.

You collected 636 gold pieces.
You spent 39 gold pieces at shops.

Inventory:

Hand Weapons
 p - a +3 falchion of holy wrath
Missiles
 a - 225 arrows
Armour
 g - a +0 cloak (worn)
Jewellery
 j - an uncursed amulet of guardian spirit
 o - an amulet of the gourmand (around neck)
Wands
 f - a wand of flame (8)
 l - a wand of acid (10)
 s - a wand of disintegration (8)
 y - a wand of iceblast (13)
 B - a wand of random effects (19)
Scrolls
 d - 5 scrolls of teleportation
 e - a scroll of blinking
 n - a scroll of magic mapping
 v - 6 scrolls of identify
 w - 5 scrolls of remove curse
Potions
 b - a potion of agility
 h - a potion of mutation
 i - a potion of degeneration {unknown}
 k - a potion of invisibility
 q - 3 potions of might
 r - 2 potions of magic
 u - 2 potions of brilliance
 x - 4 potions of curing
 z - a potion of cancellation
Books
 m - a manual of Short Blades
 t - a manual of Bows
Comestibles
 c - 22 rations


   Skills:
 - Level 9.0 Fighting
 - Level 1.7 Dodging
 + Level 10.9 Unarmed Combat
 - Level 4.1 Spellcasting
 - Level 10.0 Transmutations
 + Level 7.3 Invocations


You had 3 spell levels left.
You knew the following spells:

 Your Spells              Type           Power        Failure   Level  Hunger
a - Beastly Appendage     Tmut           ####..       10%         1    None
b - Sticks to Snakes      Tmut           ####....     12%         2    ##.....
c - Spider Form           Tmut/Pois      ###.......   41%         3    ###....
d - Blade Hands           Tmut           ####......   43%         5    ######.
e - Ice Form              Ice/Tmut       ###.....     67%         4    ####...

Your spell library contained the following spells:

 Spells                   Type           Power        Failure   Level  Hunger
 Animate Skeleton         Necr           N/A          61%         1    None
 Apportation              Tloc           #.....       61%         1    None
 Corona                   Hex            #......      61%         1    None
 Freeze                   Ice            #...         61%         1    None
 Summon Small Mammal      Summ           #...         61%         1    None
 Ozocubu's Armour         Chrm/Ice       #.......     87%         3    ###....
 Hailstorm                Conj/Ice       #.......     99%         4    ####...
 Summon Ice Beast         Ice/Summ       #.......     99%         4    ####...


Dungeon Overview and Level Annotations

Branches:
Dungeon (11/15)            Temple (1/1) D:6            Lair (1/6) D:9
    Orc (0/2) D:11

Altars:
Ashenzari
Cheibriados
Dithmenos
Elyvilon
Fedhas
Gozag
Hepliaklqana
Kikubaaqudgha
Nemelex Xobeh
Okawaru
Qazlal
Ru
Sif Muna
Trog
Uskayaw
Vehumet
Wu Jian
Xom
Yredelemnul
Zin
The Shining One
Lugonu

Shops:
D:5 [*   D:8 %   D:11 %

Annotations:
D:8 2 transporters, bmj180's ghost, novice DrCj
D:10 exclusion: door
D:11 exclusion: basilisk


Innate Abilities, Weirdness & Mutations

You can breathe blasts of scalding, opaque steam.
Your pale cyan-grey scales are hard. (AC +7)
You cannot fit into any form of body armour.
You are cold-blooded and may be slowed by cold attacks.


Message History

Confirm with . or Enter, or press ? or * to list all spells.
Your hands turn into razor-sharp scythe blades.
You feel sick. The spiny frog barely misses you.
You feel sick. The spiny frog stings you!
* * * LOW HITPOINT WARNING * * *
You hit the spiny frog.
The spiny frog is severely wounded.
You feel sick. The spiny frog closely misses you.
You can now pass through a line of other dancers.
You hit the spiny frog but do no damage.
You tail-slap the spiny frog.
The spiny frog is severely wounded.
Your transformation is almost over.
You feel sick. The spiny frog stings you!!
* * * LOW HITPOINT WARNING * * *
You slash the spiny frog!
The spiny frog is almost dead.
* * * LOW HITPOINT WARNING * * *
You feel sick. The spiny frog stings you!
You die...

...####...####........P#
..## ###..##..........##
.## #...............# ##
#.#.............## #
###.#............##
####............#
#.............##
##.............#
##%@#.........#
##F..........#
##.##.##.#### #..######
##.. #.# .. ...


You could see a spiny frog.

Vanquished Creatures
  A hydra (D:9)
  A two-headed ogre (D:9)
  Joseph (D:9)
  A komodo dragon (Lair:1)
  A hornet (D:8)
  3 hippogriffs
  2 dream sheep (D:9)
  17 yaks
  2 wargs (D:9)
  Duvessa (D:7)
  A water moccasin (Lair:1)
  2 orc warriors
  A black bear (D:8)
  2 phantoms
  7 centaurs
  4 ogres
  2 crocodiles (Lair:1)
  5 big kobolds
  8 bullfrogs
  2 scorpions
  Dowan (D:7)
  13 killer bees
  4 wights (D:8)
  A howler monkey (D:4)
  A bullfrog zombie (D:8)
  3 centaur zombies
  5 crimson imps
  3 hounds
  8 orc wizards
  2 bullfrog skeletons
  4 orc priests
  Jessica (D:3)
  A centaur skeleton (D:6)
  7 iguanas
  7 worker ants
  3 hound zombies
  A hound skeleton (D:8)
  A worker ant zombie (D:7)
  A gnoll (D:1)
  A howler monkey skeleton (D:5)
  10 adders
  An ooze (D:5)
  An adder zombie (D:7)
  2 adder skeletons
  2 worms
  4 dart slugs
  7 leopard geckos
  26 orcs
  9 bats
  10 giant cockroaches
  7 goblins
  9 hobgoblins
  17 jackals
  14 kobolds
  5 quokkas
  5 ball pythons
  5 frilled lizards
  A jackal skeleton (D:8)
  An orc zombie (D:11)
  A quokka skeleton (D:4)
  5 rats
  A bush (D:1)
275 creatures vanquished.

Vanquished Creatures (collateral kills)
  A hound (D:4)
  A worker ant (D:4)
  An adder skeleton (D:4)
  A kobold (D:3)
4 creatures vanquished.

Vanquished Creatures (others)
  A plant (D:9)
1 creature vanquished.

Grand Total: 280 creatures vanquished

Notes
Turn   | Place    | Note
-------+----------+-------------------------------------------
     0 | D:1      | kae the Draconian Transmuter began the quest for the Orb.
     0 | D:1      | Reached XP level 1. HP: 16/16 MP: 3/3
    39 | D:1      | Reached XP level 2. HP: 23/23 MP: 1/5
   654 | D:1      | Reached XP level 3. HP: 27/28 MP: 6/6
  1574 | D:2      | Found a sparkling altar of Nemelex Xobeh.
  1814 | D:2      | Reached XP level 4. HP: 34/35 MP: 5/7
  2430 | D:2      | Learned a level 2 spell: Sticks to Snakes
  2434 | D:2      | Learned a level 3 spell: Spider Form
  2560 | D:3      | Reached skill level 5 in Transmutations
  2561 | D:3      | Reached XP level 5. HP: 12/40 MP: 5/8
  2932 | D:3      | Noticed Jessica
  2940 | D:3      | Killed Jessica
  3304 | D:3      | Found a shimmering altar of Xom.
  4106 | D:4      | Found a shattered altar of Ashenzari.
  4144 | D:4      | Reached XP level 6. HP: 15/47 MP: 6/9
  4888 | D:4      | Found a white marble altar of Elyvilon.
  5154 | D:5      | Entered Level 5 of the Dungeon
  5191 | D:5      | Found Paofen's Antique Armour Emporium.
  5317 | D:5      | Your scales start taking on a pale cyan-grey colour.
  5317 | D:5      | Reached XP level 7. HP: 50/52 MP: 8/10
  5555 | D:5      | Found Yffimir's General Store.
  5563 | D:5      | Bought a potion of curing for 39 gold pieces
  5619 | D:5      | Found a basalt altar of Yredelemnul.
  5894 | D:6      | HP: 2/52 [ogre/+0 giant spiked club (28)]
  6369 | D:6      | Found a staircase to the Ecumenical Temple.
  6399 | Temple   | Entered the Ecumenical Temple
  6619 | D:6      | Reached XP level 8. HP: 49/59 MP: 8/11
  6649 | D:6      | Found a white marble altar of Elyvilon.
  6707 | D:6      | Learned a level 5 spell: Blade Hands
  7097 | D:6      | Noticed a +0 hand axe
  7098 | D:6      | Found a hide-covered altar of Uskayaw.
  7099 | D:6      | Noticed a +0 hand axe
  7261 | D:6      | Reached skill level 10 in Transmutations
  7383 | D:7      | Found a shadowy altar of Dithmenos.
  7813 | D:7      | Noticed Dowan
  7847 | D:7      | Killed Dowan
  8043 | D:7      | Noticed Duvessa
  8060 | D:7      | HP: 3/63 [poisoned by a killer bee]
  8065 | D:7      | HP: 3/63 [poisoned by a killer bee]
  8071 | D:7      | HP: 3/66 [poisoned by a killer bee]
  8076 | D:6      | Reached XP level 9. HP: 2/71 MP: 1/15
  8079 | D:6      | HP: 2/71 [poisoned by a killer bee]
  8085 | D:6      | HP: 2/71 [poisoned by a killer bee]
  8091 | D:6      | HP: 2/71 [poisoned by a killer bee]
  8097 | D:6      | HP: 1/71 [poisoned by a killer bee]
  8478 | D:7      | Killed Duvessa
  8496 | D:6      | Reached skill level 5 in Unarmed Combat
  8814 | D:7      | Reached skill level 5 in Fighting
  9245 | D:7      | You fall into a shaft and drop 1 floor!
  9487 | D:8      | You fall into a shaft and drop 3 floors!
  9490 | D:11     | Noticed a cyclops
  9604 | D:11     | Found Sofriopy's Food Emporium.
  9611 | D:11     | Noticed an orc sorcerer
  9612 | D:11     | Found a staircase to the Orcish Mines.
  9614 | D:11     | Noticed a red ugly thing
  9617 | D:10     | Entered Level 10 of the Dungeon
 10496 | D:8      | Reached XP level 10. HP: 85/86 MP: 10/16
 11020 | D:8      | Found a bloodstained altar of Trog.
 11020 | D:8      | Found a faded altar of an unknown god.
 11025 | D:8      | Found a blossoming altar of Fedhas.
 11027 | D:8      | Found a faded altar of an unknown god.
 11029 | D:8      | Found a glowing golden altar of the Shining One.
 11286 | D:8      | Found Polysm's Food Boutique.
 11287 | D:8      | Found a transporter.
 11289 | D:8      | Noticed bmj180's ghost (novice DrCj)
 11760 | D:8      | Noticed a two-headed ogre
 11762 | D:8      | Found a transporter.
 11997 | D:6      | Became a worshipper of Uskayaw the Reveler
 12023 | D:7      | Reached * piety under Uskayaw
 12187 | D:7      | Reached ** piety under Uskayaw
 12262 | D:7      | Reached *** piety under Uskayaw
 12452 | D:7      | You fall into a shaft and drop 3 floors!
 12593 | D:10     | Reached **** piety under Uskayaw
 12597 | D:10     | Reached ***** piety under Uskayaw
 13097 | D:9      | Noticed Joseph
 13109 | D:9      | Killed Joseph
 13109 | D:9      | Reached skill level 1 in Invocations
 13518 | D:9      | Noticed a three-headed hydra
 13524 | D:9      | Killed a three-headed hydra
 13696 | D:9      | Noticed a two-headed ogre
 13710 | D:9      | Killed a two-headed ogre
 13710 | D:9      | Reached skill level 10 in Unarmed Combat
 13710 | D:9      | Reached skill level 5 in Invocations
 13710 | D:9      | Reached XP level 11. HP: 25/97 MP: 4/17
 14153 | D:9      | Found an opulent altar of Gozag.
 14153 | D:9      | Found a snail-covered altar of Cheibriados.
 14254 | D:9      | Found an ornate altar of the Wu Jian Council.
 14374 | D:9      | Found a shadowy altar of Dithmenos.
 14396 | D:9      | Found a staircase to the Lair.
 15880 | Lair:1   | Entered Level 1 of the Lair of Beasts
 15971 | Lair:1   | Learned a level 4 spell: Ice Form
 16791 | Lair:1   | Slain by a spiny frog

Levels and vault maps discovered:
D:1:      evilmike_arrival_fibonacci_small, layout_basic, minmay_hedge_maze,
          minmay_strange_pillars
D:2:      minmay_alternating_diamond, layout_loops_ring,
          nemelex_xobeh_ov_fountains_minmay, first_ration
D:3:      layout_loops_ring, nicolae_overflow_hidden_temple, tgw_xom,
          uniq_jessica
D:4:      layout_basic, elyvilon_altar_3, cheibrodos_ashenzari_chains
D:5:      layout_rooms, old_standard_altar, serial_shops, shop_statue, shop,
          minmay_manual_monstrance
D:6:      layout_cave_pods, dancing_weapons_uskayaw,
          minmay_temple_entry_proselytizer, basic_altar, minivault_5,
          due_unseen_surprise
D:7:      layout_loops_ring, nicolae_dithmenos_the_darkroom, uniq_duvessa
D:8:      layout_layer_cave, chequers_temple_overflow_minitemple, serial_shops,
          shop_fountains, gammafunk_ghost_smash
D:9:      layout_irregular_city, kennysheep_mini, lemuel_coloured_pillars_altar,
          gammafunk_temple_overflow_statue, erik_lair_orcish_takeover,
          hangedman_ranch [blue_anna_fruit_fields], minmay_misc_feat_rows,
          uniq_joseph
D:10:     layout_stronghold
D:11:     layout_cave_pools, zombieorc2_lemuel, serial_shops, shop, shop,
          nicolae_shop_behind_doors, shop, chequers_serial_rivers_micro_e,
          tso_altar, uniq_grum
Temple:   corrupted_temple
Lair:1:   layout_cave_pods, beast_lair_carwin_2

Skill      XL: |  1  2  3  4  5  6  7  8  9 10 11 |
---------------+----------------------------------+-----
Transmutations | 3 4 5 6 7 9 10 | 10.0
Spellcasting   | 4 |  4.1
Fighting       | 3 7 9 |  9.0
Unarmed Combat | 4 7 10 | 10.9
Invocations    | 5 7 |  7.3
Dodging        | |  1.7

Action                   |  1- 3 |  4- 6 |  7- 9 | 10-12 || total
-------------------------+-------+-------+-------+-------++-------
Melee: Unarmed           |    22 |    50 |   122 |   155 ||   349
       Tailslap          |    58 |    33 |    40 |    23 ||   154
       Short sword       |   330 |   234 |       |       ||   564
       Kick              |    13 |    11 |     8 |       ||    32
       Headbutt          |     3 |    14 |     6 |       ||    23
       Punch             |     3 |     4 |     5 |    12 ||    24
       Falchion          |       |    30 |   212 |    71 ||   313
 Cast: Beastly Appendage |    26 |    28 |    11 |       ||    65
       Spider Form       |       |     7 |    10 |     4 ||    21
       Sticks to Snakes  |       |     4 |       |       ||     4
       Blade Hands       |       |       |     6 |    18 ||    24
Invok: Stomp             |       |       |       |     5 ||     5
       Line Pass         |       |       |       |     1 ||     1
 Abil: Breathe Steam     |       |       |    11 |     8 ||    19
Evoke: Wand              |       |       |     7 |     2 ||     9
  Use: Scroll            |     4 |     8 |     5 |     9 ||    26
       Potion            |       |       |     8 |     1 ||     9
 Stab: Sleeping          |       |     2 |     1 |     1 ||     4
       Distracted        |       |     1 |       |       ||     1
       Paralysed         |       |       |       |     5 ||     5
  Eat: Chunk             |     4 |    14 |    14 |    23 ||    55
       Ration            |       |       |     2 |     4 ||     6
Armor: Skin              |    58 |   106 |   167 |    81 ||   412
Dodge: Dodged            |   140 |   269 |   297 |   160 ||   866
       Rpst.: Falchion   |       |    12 |    72 |    16 ||   100

Table legend:
 A = Non-vault XP
 B = Vault XP
 C = Vault XP percentage of total XP
 D = Non-vault monster count
 E = Vault monster count
 F = Vault count percentage of total count
                 A         B        C        D         E       F
            +---------+---------+-------+---------+---------+-------
      Total |   11686 |    4048 |  25.7 |     241 |      34 |  12.4
            +---------+---------+-------+---------+---------+-------
        D:1 |      63 |       0 |   0.0 |      26 |       0 |   0.0
        D:2 |      59 |       6 |   9.2 |      22 |       3 |  12.0
        D:3 |     167 |      46 |  21.6 |      25 |       6 |  19.4
        D:4 |     265 |       0 |   0.0 |      20 |       0 |   0.0
        D:5 |     428 |      48 |  10.1 |      22 |       1 |   4.3
        D:6 |     785 |      41 |   5.0 |      24 |       1 |   4.0
        D:7 |    2361 |     218 |   8.5 |      30 |       2 |   6.2
        D:8 |    1613 |       0 |   0.0 |      34 |       0 |   0.0
        D:9 |     966 |    3203 |  76.8 |       2 |      16 |  88.9
       D:10 |    1908 |       0 |   0.0 |      17 |       0 |   0.0
       D:11 |      61 |       1 |   1.6 |       4 |       1 |  20.0
     Lair:1 |    3010 |     485 |  13.9 |      15 |       4 |  21.1
            +---------+---------+-------+---------+---------+-------
